 Dungeon Crawl Stone Soup version 0.24-a0-479-g9a978d2894 (webtiles) character file.

Game seed: 13077024197859571416

892 Trueduck the Chopper (level 7, -6/55 HPs)
             Began as a Demonspawn Chaos Knight on July 6, 2019.
             Was a Plaything of Xom.
             Killed from afar by Duvessa the rime drake (shapeshifter) (11 damage)
             ... with a flash freeze
             ... on level 4 of the Dungeon.
             The game lasted 00:08:43 (2748 turns).

Trueduck the Chopper (Demonspawn Chaos Knight)      Turns: 2748, Time: 00:08:43

Health: -6/55      AC: 10    Str: 15    XL:     7   Next: 78%
Magic:  7/7        EV: 14    Int: 13    God:    Xom [..*...]
Gold:   333        SH:  5    Dex: 12    Spells: 6/6 levels left

rFire    . . .     SeeInvis .   t - +1 war axe (chaos)
rCold    . . .     Gourm    .   n - +1 buckler {AC+3}
rNeg     . . .     Faith    .   b - +2 leather armour
rPois    .         Spirit   .   (helmet restricted)
rElec    .         Reflect  .   (no cloak)
rCorr    .         Harm     .   d - +0 pair of gloves
MR       .....                  f - +0 pair of boots
Stlth    +.........             (no amulet)
HPRegen  0.18/turn              (no ring)
MPRegen  0.10/turn              (no ring)

@: about to teleport
A: antennae 1, repulsion field 2
a: Renounce Religion


You were on level 4 of the Dungeon.
You worshipped Xom.
You were a toy of Xom.
You were not hungry.

You visited 1 branch of the dungeon, and saw 4 of its levels.

You collected 333 gold pieces.

Inventory:

Hand Weapons
 a - a +0 hand axe of chaos
 t - a +1 war axe of chaos (weapon)
Armour
 b - a +2 leather armour (worn)
 d - a +0 pair of gloves (worn)
 f - a +0 pair of boots (worn)
 n - a +1 buckler of protection (worn)
 q - a +0 naga barding of cold resistance
Jewellery
 k - a +3 ring of strength {unknown}
Scrolls
 e - a scroll of enchant armour {unknown}
 g - a scroll of magic mapping {unknown}
 h - 3 scrolls of teleportation
 j - 2 scrolls of identify {unknown}
 m - a scroll of noise {unknown}
 o - a scroll of fog {unknown}
 v - a scroll of enchant weapon {unknown}
Potions
 l - a potion of might
 r - a potion of ambrosia {unknown}
 s - a potion of haste {unknown}
Comestibles
 c - 4 rations
 i - 2 chunks of flesh


   Skills:
 + Level 4.9 Fighting
 * Level 5.9 Axes
 + Level 4.0 Armour
 - Level 0.8 Dodging
 + Level 3.0 Shields


You had 6 spell levels left.
You didn't know any spells.
Your spell library was empty.

Dungeon Overview and Level Annotations

Branches:
Dungeon (4/15)
 Temple: D:4-7

Altars:

Shops:
D:4 *

Annotations:
D:3 2 transporters, frankiepal's ghost, amateur TrEE
D:4 Duvessa


Innate Abilities, Weirdness & Mutations

You have a pair of small antennae on your head.
You are surrounded by a moderate repulsion field. (EV +3)


Message History

You miss something. Something barely misses you.
You slash something! Something barely misses you.
You hit something. Something hits you. Something hits you but does no damage.
You barely miss something. Something hits you but does no damage.
You barely miss something. Something hits you but does no damage.
You hit something. Something barely misses you.
You hit something but do no damage. Something hits you!
* * * LOW HITPOINT WARNING * * *
You slash something!
Duvessa appears out of thin air!
Reactivating autopickup.
Duvessa is severely wounded.
Duvessa the shapeshifter changes into a rime drake!
Okay, then.
As you read the scroll labeled WUIPED JIVE, it crumbles to dust.
You feel strangely unstable.
It was a scroll of teleportation.
Duvessa completely misses you. Duvessa breathes ice at you.
The flash freeze hits you!
You die...
Xom roars with laughter!

.##!# ..#.#
#.#.##
#######....
..........###.##
..........#....#
......)...#....#
......)k..#....#
#########@#....#
#.#....#
#.#....#
##......#
#.......#
#.......#
#....#.##
#......#
#####..#


You could see Duvessa the rime drake shaped shifter.

Vanquished Creatures
  A steam dragon (D:4)
  2 water moccasins (D:4)
  Dowan (D:4)
  A scorpion (D:4)
  A hound (D:4)
  4 orc wizards
  A centaur skeleton (D:4)
  4 worker ants (D:4)
  4 gnolls (D:3)
  4 adders
  An ooze (D:1)
  2 worms (D:3)
  A dart slug (D:1)
  11 orcs
  A ball python (D:4)
  4 giant cockroaches
  8 goblins
  8 hobgoblins
  4 jackals (D:1)
  2 quokkas (D:3)
  7 bats
  A frilled lizard (D:3)
  10 kobolds
  A leopard gecko skeleton (D:3)
  14 rats
98 creatures vanquished.

Vanquished Creatures (collateral kills)
  An orc (D:1)
1 creature vanquished.

Grand Total: 99 creatures vanquished

Notes
Turn   | Place    | Note
-------+----------+-------------------------------------------
     0 | D:1      | Trueduck the Demonspawn Chaos Knight began the quest for
                  | the Orb.
     0 | D:1      | Reached XP level 1. HP: 18/18 MP: 1/1
    90 | D:1      | Reached skill level 3 in Axes
    90 | D:1      | Gained mutation: You are surrounded by a mild repulsion
                  | field. (EV +2) [demonic ancestry]
    90 | D:1      | Reached XP level 2. HP: 24/24 MP: 2/2
   276 | D:1      | XOM: potion effect (curing)
   288 | D:1      | Gained mutation: You have a pair of small antennae on your
                  | head. [demonic ancestry]
   288 | D:1      | Reached XP level 3. HP: 25/29 MP: 3/3
   360 | D:1      | XOM: silly message
   423 | D:1      | XOM: harmless Necr miscast
   429 | D:1      | XOM: harmless Summ miscast
   755 | D:2      | XOM: harmless Ice miscast
   820 | D:2      | XOM: harmless Ice miscast
  1391 | D:3      | XOM: summons friendly crimson imp
  1394 | D:3      | HP: 1/29 [something (2)]
  1395 | D:3      | Reached XP level 4. HP: 13/35 MP: 4/4
  1398 | D:3      | XOM: cleaving
  1439 | D:3      | Found a transporter.
  1442 | D:3      | Found a transporter.
  1597 | D:3      | XOM: 2-stop teleportation journey
  1613 | D:3      | XOM: god gift: glowing naga barding {god gift}
  1638 | D:3      | XOM: god gift: scroll labeled DIKYDY CARAB {god gift}
  1657 | D:3      | XOM: 8-stop teleportation journey
  1737 | D:3      | Noticed frankiepal's ghost (amateur TrEE)
  1782 | D:3      | Reached skill level 1 in Shields
  1807 | D:3      | Reached skill level 4 in Axes
  1987 | D:3      | Reached XP level 5. HP: 26/42 MP: 5/5
  2062 | D:3      | XOM: god gift: runed war axe {god gift}
  2281 | D:4      | XOM: fog
  2288 | D:4      | Reached XP level 6. HP: 29/48 MP: 6/6
  2307 | D:4      | Found Yradgheun's Serpentskin Sales.
  2307 | D:4      | Noticed a water moccasin
  2307 | D:4      | Noticed a water moccasin
  2308 | D:4      | XOM: cleaving
  2321 | D:4      | XOM: confusion (+ monsters)
  2324 | D:4      | HP: 2/48 [water moccasin (3)]
  2328 | D:4      | Killed a water moccasin
  2336 | D:4      | Killed a water moccasin
  2336 | D:4      | Reached skill level 5 in Axes
  2336 | D:4      | Gained mutation: You are surrounded by a moderate repulsion
                  | field. (EV +3) [demonic ancestry]
  2336 | D:4      | Reached XP level 7. HP: 13/55 MP: 7/7
  2616 | D:4      | Noticed a steam dragon
  2616 | D:4      | a worm changed into a steam dragon
  2627 | D:4      | Killed a steam dragon
  2725 | D:4      | Noticed Duvessa
  2725 | D:4      | Noticed Dowan
  2731 | D:4      | Killed Dowan
  2745 | D:4      | Noticed Duvessa
  2745 | D:4      | Noticed Duvessa
  2745 | D:4      | Duvessa the shapeshifter changed into Duvessa the rime
                  | drake
  2748 | D:4      | Killed from afar by Duvessa the rime drake (shapeshifter)

Levels and vault maps discovered:
D:1:      tarquinn_simple_flora_water_f, layout_rooms
D:2:      layout_basic, chequers_serial_rivers_micro_e
D:3:      minmay_spotlight, layout_basic, gammafunk_ghost_arena,
          minmay_misc_feat_alley
D:4:      layout_basic, minmay_temple_entry_poolview, guppyfry_shop_venom,
          uniq_duvessa

Skill      XL: |  1  2  3  4  5  6  7 |
---------------+----------------------+-----
Axes           | 3 4 5 |  5.9
Armour         | 2 3 4 |  4.0
Shields        | 1 2 3 |  3.0
Fighting       | 4 |  4.9
Dodging        | |  0.8

Action                   |  1- 3 |  4- 6 |  7- 9 || total
-------------------------+-------+-------+-------++-------
Melee: Hand axe          |   112 |   106 |       ||   218
       War axe           |       |    50 |    57 ||   107
  Use: Potion            |     1 |     6 |       ||     7
       Scroll            |       |     1 |     1 ||     2
 Stab: Distracted        |     1 |       |       ||     1
       Sleeping          |       |     1 |       ||     1
       Paralysed         |       |     1 |       ||     1
  Eat: Chunk             |     1 |     4 |     1 ||     6
Armor: Leather armour    |    38 |    97 |    28 ||   163
Dodge: Dodged            |    61 |   117 |    40 ||   218
Block: Buckler           |     6 |    53 |    11 ||    70

Table legend:
 A = Non-vault XP
 B = Vault XP
 C = Vault XP percentage of total XP
 D = Non-vault monster count
 E = Vault monster count
 F = Vault count percentage of total count
                 A         B        C        D         E       F
            +---------+---------+-------+---------+---------+-------
      Total |     857 |     418 |  32.8 |      90 |       9 |   9.1
            +---------+---------+-------+---------+---------+-------
        D:1 |      47 |       0 |   0.0 |      25 |       0 |   0.0
        D:2 |      39 |       0 |   0.0 |      19 |       0 |   0.0
        D:3 |     164 |      25 |  13.2 |      31 |       5 |  13.9
        D:4 |     607 |     393 |  39.3 |      15 |       4 |  21.1
            +---------+---------+-------+---------+---------+-------
